 Dungeon Crawl Stone Soup version 0.28.0 (webtiles) character file.

Game seed: 4370566080852373028

6986 browni3141 the Peltast (level 10, -5/81 (86) HPs)
             Began as a Minotaur Berserker on Feb 11, 2022.
             Was a Priest of Trog.
             Killed from afar by a hell hog (8 damage)
             ... with a fireball
             ... on level 2 of the Abyss.
             The game lasted 00:05:44 (9236 turns).

browni3141 the Peltast (Minotaur Berserker)         Turns: 9236, Time: 00:05:45

HP:   -5/81 (86)    AC: 15    Str: 28    XL:     10   Next: 81%
MP:   0/9           EV:  8    Int:  4    God:    Trog [***...]
Gold: 340           SH: 19    Dex: 14    Spells: 9/9 levels left

rFire   + . .      SeeInvis .   F - +0 war axe
rCold   x . .      Faith    .   C - +0 tower shield
rNeg    . . .      Spirit   +   f - +0 plate armour
rPois   .          Reflect  .   (helmet restricted)
rElec   .          Harm     .   g - +0 cloak
rCorr   .          Rampage  .   (no gloves)
Will    .....                   J - +0 pair of boots
Stlth   ..........              E - amulet of guardian spirit
HPRegen 0.23/turn               y - +6 ring of strength
MPRegen 0.11/turn               x - ring of fire

@: about to teleport, drained
A: horns 2, retaliatory headbutt
a: Renounce Religion, Berserk, Trog's Hand


You were on level 2 of the Abyss.
You worshipped Trog.
Trog was most pleased with you.
You visited 2 branches of the dungeon, and saw 10 of its levels.
You visited the Abyss 1 time.

You collected 476 gold pieces.
You spent 136 gold pieces at shops.

Inventory:

Hand Weapons
 a - a +0 hand axe
 s - a +0 battleaxe
 F - a +0 war axe (weapon)
Missiles
 p - 2 throwing nets
 D - a curare-tipped dart (quivered)
Armour
 b - a +0 animal skin
 f - a +0 plate armour (worn)
 g - a +0 cloak (worn)
 C - a +0 tower shield (worn)
 J - a +0 pair of boots (worn)
Jewellery
 x - a ring of fire (right hand)
 y - a +6 ring of strength (left hand)
 E - an amulet of guardian spirit (around neck)
 L - a ring of flight
Wands
 r - a wand of iceblast (10)
 I - a wand of flame (17)
 K - a wand of polymorph (7)
Scrolls
 d - 7 scrolls of identify {unknown}
 j - 2 scrolls of silence {unknown}
 k - a scroll of enchant armour {unknown}
 l - 3 scrolls of enchant weapon {unknown}
 m - 2 scrolls of fear {unknown}
 n - 4 scrolls of teleportation
 q - 2 scrolls of blinking
 t - a scroll of fog {unknown}
 v - a scroll of brand weapon {unknown}
 w - a scroll of summoning {unknown}
 z - 2 scrolls of amnesia {unknown}
Potions
 c - 4 potions of mutation {unknown}
 e - 6 potions of curing {unknown}
 h - 2 potions of attraction {unknown}
 i - a potion of brilliance {unknown}
 o - a potion of heal wounds {unknown}
 u - a potion of might {unknown}
 A - a potion of resistance
 B - 2 potions of degeneration {unknown}
 G - a potion of flight {unknown}
 H - a potion of lignification {unknown}


   Skills:
 - Level 7.1 Fighting
 - Level 7.1 Axes
 - Level 6.5 Armour
 - Level 6.0 Dodging
 * Level 15.3 Shields


You had 9 spell levels left.
You didn't know any spells.
Your spell library was empty.

Dungeon Overview and Level Annotations

Branches:
Dungeon (9/15)             Temple (1/1) D:7
   Lair: D:8-11         Orc: D:9-12

Altars:
Gozag
Makhleb
Okawaru
Qazlal
Sif Muna
Xom

Shops:
D:1 *   D:5 ?   D:7 *   D:8 *

Annotations:
D:9 Erolcha


Innate Abilities, Weirdness & Mutations

You have a pair of horns on your head.
You reflexively headbutt those who attack you in melee.


Message History

You slash the large abomination!
You destroy the large abomination!
That felt strangely unrewarding.
Your skin crawls.
You feel strong-willed.
A hell hog comes into view.
The hell hog squeals angrily.
You hear an angry squeal. x2
The hell hog breathes fire at you.
The fireball explodes!
The fireball engulfs you! You resist.
* * * LOW HITPOINT WARNING * * *
A hell hog comes into view.
You feel the effects of Trog's Hand fading.
As you read the scroll of teleportation, it crumbles to dust.
You feel strangely unstable.
You feel the power of the Abyss delaying your translocation!
You slash the hell hog!
The hell hog is lightly wounded.
The hell hog breathes fire at you.
The fireball explodes!
The fireball engulfs you! You resist.
* * * LOW HITPOINT WARNING * * *
The fireball engulfs the hell hog.
The hell hog completely resists.
The hell hog breathes fire at you.
The fireball explodes!
The fireball engulfs the hell hog.
The hell hog completely resists.
The fireball engulfs the hell hog.
The hell hog completely resists.
The fireball engulfs you. You resist.
* * * LOW HITPOINT WARNING * * *
You block the hell hog's attack.
You hear an angry squeal.
You hear a shout! x2
The hell hog breathes fire at you.
The fireball explodes!
The fireball engulfs the hell hog.
The hell hog completely resists.
The fireball engulfs you!! You resist.
* * * LOW HITPOINT WARNING * * *
You block the hell hog's attack.
You hear a shout!
Your skin stops crawling.
You feel less strong-willed.
You hear a hideous shriek!
The hell hog breathes fire at you.
The fireball explodes!
The fireball engulfs the hell hog.
The hell hog completely resists.
The fireball engulfs you! You resist.
You die...

.. .. .♣ . ### ##.
.... #.. ... ..♣.
. #.#####...♣ ..
#.#.. . .♣..♣ .
#....#...♣.♣
#.#..#. .. . .
#####@#####...♣...
#.h.h.....#.......
. #.###...........
. .. ##.#
#..##..## .##.#
#.h# #......# ...
# ## #.##h###.....
# . #.# ...
.............. ..
.. #.##..
......##. . .. .h
##.#....... # .


You could see 2 hell hogs.

Vanquished Creatures
  2 two-headed ogres
  The ghost of Clumpoid the Grappler, a novice TrMo of Gozag (D:6)
  2 cyclopes
  6 yaks (D:8)
  A wyvern (D:8)
  A steam dragon (D:9)
  A large abomination (Abyss:2)
  3 water moccasins
  Duvessa (D:5)
  3 orc warriors
  A black bear (D:7)
  An ogre (D:4)
  2 sky beasts
  4 centaurs
  A kobold brigand (D:6)
  Blork the orc (D:4)
  2 bullfrogs
  A wyvern zombie (D:9)
  3 scorpions
  Dowan (D:5)
  5 killer bees (D:8)
  A howler monkey (D:6)
  2 bullfrog zombies
  A crimson imp (D:3)
  A bullfrog skeleton (D:5)
  A centaur skeleton (D:7)
  7 centaur zombies (D:9)
  4 hounds
  5 orc priests
  5 iguanas
  Natasha (D:3)
  7 orc wizards
  2 killer bee zombies
  A hound zombie (D:5)
  A howler monkey zombie (D:9)
  4 gnolls (D:3)
  5 adders
  4 river rats (D:4)
  A white imp (D:6)
  2 worms (D:2)
  26 orcs
  9 endoplasms
  4 giant cockroaches
  2 goblins
  5 hobgoblins
  9 jackals
  10 kobolds
  3 quokkas
  4 ball pythons
  6 bats
  8 rats
184 creatures vanquished.

Notes
Turn   | Place    | Note
-------+----------+-------------------------------------------
     0 | D:1      | browni3141 the Minotaur Berserker began the quest for the
                  | Orb.
     0 | D:1      | Reached XP level 1. HP: 19/19 MP: 0/0
   546 | D:1      | Found Eciris's Assorted Antiques.
   755 | D:1      | Reached XP level 2. HP: 20/27 MP: 1/1
  1383 | D:2      | Reached XP level 3. HP: 27/33 MP: 2/2
  1517 | D:2      | Noticed a scorpion
  1520 | D:2      | Killed a scorpion
  1521 | D:2      | Reached XP level 4. HP: 41/41 MP: 3/3
  1569 | D:2      | Reached ** piety under Trog
  2048 | D:3      | Found a shimmering blue altar of Sif Muna.
  2145 | D:3      | Found a burning altar of Makhleb.
  2145 | D:3      | Found a shimmering altar of Xom.
  2150 | D:3      | Reached XP level 5. HP: 32/47 MP: 4/4
  2730 | D:3      | Noticed Natasha
  2741 | D:3      | Killed Natasha
  3051 | D:3      | Found an iron altar of Okawaru.
  3169 | D:3      | Reached skill level 5 in Fighting
  3224 | D:4      | Reached skill level 5 in Axes
  3224 | D:4      | Reached XP level 6. HP: 56/56 MP: 5/5
  3339 | D:4      | Noticed Blork the orc
  3343 | D:4      | Killed Blork the orc
  4049 | D:4      | Reached skill level 5 in Armour
  4049 | D:4      | Reached XP level 7. HP: 62/62 MP: 6/6
  4296 | D:5      | Entered Level 5 of the Dungeon
  4634 | D:5      | Reached skill level 5 in Dodging
  4836 | D:5      | Noticed Duvessa
  4837 | D:5      | Noticed Dowan
  4844 | D:5      | Killed Duvessa
  4853 | D:5      | Killed Dowan
  4854 | D:5      | Reached XP level 8. HP: 42/71 MP: 7/7
  5168 | D:5      | Found Jumatum's Magic Scroll Shop.
  5172 | D:5      | Bought a scroll of blinking for 97 gold pieces
  5172 | D:5      | Bought a scroll of teleportation for 39 gold pieces
  5354 | D:6      | Found a stormy altar of Qazlal.
  5480 | D:6      | Reached *** piety under Trog
  5678 | D:6      | Reached skill level 2 in Shields
  5777 | D:6      | Noticed a cyclops
  5783 | D:6      | Killed a cyclops
  5784 | D:6      | Reached skill level 5 in Shields
  6156 | D:6      | Reached skill level 6 in Shields
  6222 | D:6      | Found a large runed translucent door.
  6222 | D:6      | Found a large runed translucent door.
  6224 | D:6      | Noticed Clumpoid's ghost (novice TrMo)
  6243 | D:6      | Killed Clumpoid's ghost
  6244 | D:6      | Reached skill level 8 in Shields
  6244 | D:6      | Reached XP level 9. HP: 55/79 MP: 5/8
  6488 | D:7      | Found an opulent altar of Gozag.
  6488 | D:7      | Found Gozag's Platinum Reserve.
  6660 | D:7      | Noticed a cyclops
  6668 | D:7      | Killed a cyclops
  6669 | D:7      | Reached skill level 10 in Shields
  6832 | D:7      | Found a staircase to the Ecumenical Temple.
  7286 | Temple   | Entered the Ecumenical Temple
  7403 | D:8      | Found Epyhit Buta's Assorted Antiques.
  7443 | D:8      | Noticed a two-headed ogre
  7450 | D:8      | Killed a two-headed ogre
  7451 | D:8      | Reached skill level 11 in Shields
  7451 | D:8      | Reached XP level 10. HP: 86/86 MP: 9/9
  7548 | D:8      | Reached skill level 12 in Shields
  8055 | D:8      | Reached skill level 13 in Shields
  8513 | D:9      | Reached skill level 14 in Shields
  8821 | D:9      | Noticed a two-headed ogre
  8830 | D:9      | Killed a two-headed ogre
  8831 | D:9      | Reached skill level 15 in Shields
  9164 | D:9      | Noticed Erolcha
  9166 | D:9      | Cast into level 2 of the Abyss (Erolcha)
  9225 | Abyss:2  | Noticed a hell hog
  9227 | Abyss:2  | Noticed a hell hog
  9235 | Abyss:2  | HP: 3/81 [hell hog/fireball (16)]
  9236 | Abyss:2  | Killed from afar by a hell hog

Illustrated notes

Levels and vault maps discovered:
D:1:      lemuel_arrival_rhombus, layout_basic, serial_shops,
          nicolae_shop_statue_plus, lemuel_old_faithful
D:2:      minmay_recursive_quarters, layout_rooms, minmay_misc_feat_cross,
          corexii_item_surrounded_by_moat
D:3:      layout_loops_corners, grunt_temple_overflow_champion_of_chaos,
          okawaru_metal_pillars_1_2, nicolae_sif_muna_condensation, uniq_natasha
D:4:      layout_loops_corners, lightli_sewer_entry_pipes, chequers_garden,
          grunt_ministairs_2, uniq_blork_the_orc
D:5:      layout_loops_ring, serial_shops, shop, kennysheep_small_circle,
          uniq_duvessa
D:6:      layout_rooms, mainiacjoe_overflow_chevrons,
          ebering_ghost_disaster_area, hex_intersection, minmay_microvault
D:7:      layout_loops_ring, nicolae_gozag_zags_fifth_avenue,
          minmay_temple_entry_statues_pillars, bh_walls_and_bars
D:8:      layout_loops_ring, serial_shops, shop,
          eino_small_chamber_without_monster
D:9:      layout_basic, nicolae_yredelemnul_corpse_copse, grunt_ministairs_2,
          uniq_erolcha
Temple:   minmay_temple_bridge_abc
Abyss:2:  base:
D:3

Skill      XL: |  1  2  3  4  5  6  7  8  9 10 |
---------------+-------------------------------+-----
Fighting       | 4 5 6 7 |  7.1
Axes           | 4 5 6 7 |  7.1
Armour         | 3 4 5 6 |  6.5
Dodging        | 3 4 5 6 |  6.0
Shields        | 8 11 15 | 15.3

Action                   |  1- 3 |  4- 6 |  7- 9 | 10-12 || total
-------------------------+-------+-------+-------+-------++-------
Melee: Hand axe          |    44 |    77 |       |       ||   121
       Headbutt          |     6 |    20 |    45 |    36 ||   107
       Battleaxe         |       |    31 |   120 |       ||   151
       War axe           |       |       |    51 |   160 ||   211
Invok: Berserk           |     1 |     3 |     7 |     7 ||    18
       Trog's Hand       |       |       |       |     1 ||     1
  Use: Scroll            |       |       |       |     1 ||     1
Armor: Animal skin       |     7 |       |       |       ||     7
       Plate armour      |    27 |    70 |   120 |    92 ||   309
Dodge: Dodged            |    34 |    51 |    58 |    50 ||   193
Block: Tower shield      |       |       |    57 |   201 ||   258
